Freya, chaotic female orcish Ranger ----- |<..--- ------- --------------- |.....-- |.....| |.............| .|....|.- |.(_..| --.--- -- ----+- -.....---- |[....| ------ ..| |..| ........|--- --- .-.|--- |..-.| .|..- -|..| - --- -.|....|..----...-- )... |..|.| ---|-.. ..-.-- ......--+- ---..|....|.....---- |.. ..@|..-----......--................| ------ |..|.............---.-- *-....-..||.......-|..-------- -- -- |....| --......---................ ......|...{.....-.| |....| |...)....|...|...).......---|.|.............`# ---|--------....-------...---......-|.|------.....-|## ------.---... |...-|.. ..|-...|..---...|.--..|...|..... |..|-.........|..--|.. ..| -.....|-....|........---...-| |..-...............-|---|-----..--.....^....--....|-...+ -----.....{....----...............|...`.......|-...|...-- |..............-- --|--.---------.........--..|........| ||-----.........| |..(|*|.(((| --.......-----|...|....| |...| --..------- |...|.-.(..| ---...--- --..|...-- |...| ---- ------|.(((| ----- -----..... ---- ------ ------ Freya the Trailblazer Experience level: 7 Strength: 18 Dexterity: 12 Constitution: 16 Intelligence: 13 Wisdom: 14 Charisma: 7 Health: 0(84) Energy: 29(29) Def: 11 Gold: 0 Moves: 5915 Dungeon seed: vknXLSyGU-_oSaN3 Game ID: Freya_1616225445 Your Inventory: Weapons b - an uncursed +0 bow (weapon in hand) U - 22 uncursed +0 arrows (in quiver) Armor e - an uncursed +2 cloak of displacement (being worn) n - an uncursed +0 dwarvish cloak q - an uncursed +0 dwarvish cloak r - an uncursed +0 dwarvish cloak t - an uncursed +0 dwarvish cloak y - an uncursed +0 dwarvish mithril-coat (being worn) D - an uncursed +0 dwarvish cloak H - an uncursed +0 dwarvish cloak I - an uncursed +0 dwarvish cloak K - an uncursed +0 dwarvish cloak N - an uncursed +0 dwarvish iron helm (being worn) Comestibles m - an uncursed lichen corpse J - 3 uncursed food rations T - an uncursed tripe ration X - an uncursed female lizard corpse Rings W - a blessed +1 ring of adornment Tools k - an uncursed brass lantern (0:452) l - an uncursed skeleton key o - an uncursed sack Contents of the sack: 657 gold pieces an uncursed ring of slow digestion an uncursed oil lamp (0:1120) Spells and supernatural/magical abilities: Name Level Category Cost Memory W - pray for help -- divine ? -- Your skills at the end: Fighting Skills wands [Basic] Weapon Skills dagger [Expert] bow [Basic] Spellcasting Skills Final Attributes: You were piously aligned. You were immune to poison. You were blinded. You had automatic searching. You had infravision. You were displaced. You were stealthy. You were lucky. You last prayed 2740 turns ago. Mars was pleased with you. You are dead. Vanquished creatures: a small mimic a giant beetle a quivering blob a wolf 3 leprechauns 2 lizards a housecat 3 rock piercers a rock mole 2 ponies a fog cloud 8 gnome lords 4 gnomish wizards a red naga hatchling a golden naga hatchling a paper golem a giant ant 9 dwarves a hill orc a rothe 2 wererats 3 iguanas an acid blob 7 coyotes 4 hobbits 2 large kobolds a hobgoblin 4 giant rats 2 yellow molds 2 green molds 29 gnomes 2 gnome zombies a gecko 6 jackals a fox 3 kobolds 2 sewer rats 7 grid bugs 5 lichens a kobold zombie 2 newts 131 creatures vanquished. Voluntary challenges: You had been an atheist until turn 3172. You used a wielded weapon 335 times, starting on turn 29. You read items or engraved 11 times, starting on turn 3893. You never genocided any monsters. You never polymorphed an object. You never changed form. You used no wishes. You never split a pudding. You wrote Elbereth's name 6 times, starting on turn 3893. You never violated your personal moral code. Dungeon overview: The Dungeons of Doom: levels 1 to 8 Level 1 a long staircase Level 2 Level 3 a sink Level 4 a general store stairs to The Gnomish Mines Level 5 Level 6 many fountains Level 7 a vault stairs to Sokoban Level 8 The Gnomish Mines: levels 5 to 8 Level 5 stairs to The Dungeons of Doom Level 6 Level 7 Level 8 <- You were here some shops, a temple to Mars, some fountains Sokoban: levels 5 to 6 Level 5 Solved Level 6 Solved stairs to The Dungeons of Doom History has recorded: On T:1 you entered the Dungeons of Doom to retrieve the Amulet of Yendor! On T:2 you reached level 2 of The Dungeons of Doom. On T:485 you reached level 3 of The Dungeons of Doom. On T:595 you advanced to experience level 2. On T:797 you advanced to experience level 3. On T:819 you reached level 4 of The Dungeons of Doom. On T:1214 you advanced to experience level 4. On T:1297 you reached level 1 of The Gnomish Mines. On T:1676 you reached level 5 of The Dungeons of Doom. On T:1797 you reached level 6 of The Dungeons of Doom. On T:1963 you advanced to experience level 5. On T:2368 you reached level 7 of The Dungeons of Doom. On T:2571 you reached level 8 of The Dungeons of Doom. On T:2725 you reached level 4 of Sokoban. On T:3005 you reached level 3 of Sokoban. On T:3716 you advanced to experience level 6. On T:4076 you reached level 2 of The Gnomish Mines. On T:4152 you reached level 3 of The Gnomish Mines. On T:4302 you advanced to experience level 7. On T:4652 you reached level 4 of The Gnomish Mines. Score breakdown: Gold: 657 ( 9586 points) Experience: 7 levels (13645 points) Exploration: 8 levels ( 16.00%) (11338 points) Discoveries: 17 items ( 5.80%) ( 7226 points) Valuables value: (no points given unless you survive) Artifact value: 0 ( 0 points) Variety of kills: 41 monsters ( 10.79%) ( 9854 points) Turncount: 5915 turns (-1602 points) Survival: died (score multiplied by 80%) Total score: 40037 Latest messages: The gnome lady falls through... There's a trap there! (Use the 'moveonly' command to move there anyway.) You are empty handed. b - an uncursed bow (alternate weapon; not wielded). You are now wielding your bow. U - 22 uncursed arrows (in quiver). Your lamp is now on. The wood nymph zaps an uncursed wand of lightning named 1! The bolt of lightning hits you! You are blinded by the flash! Your lamp is now off. You hear a distant zap. The bolt of lightning hits you! You hear a distant zap. The bolt of lightning hits you! Your wand of digging named 1 breaks apart and explodes! You hear a distant zap. The bolt of lightning hits you! (2x) You hear a distant zap. The bolt of lightning hits you! You die... Final status: Goodbye Freya the Ranger, killed by a bolt of lightning... You died in The Gnomish Mines on dungeon level 8 with 40037 points, and 657 pieces of gold, after 5915 moves. You were level 7 with a maximum of 84 hit points when you died.